 Dungeon Crawl Stone Soup version 0.31.0-11-ge490571c62 (webtiles) character file.

Game seed: 13945215435841954417

4592 ces the Protected (level 10, -4/68 HPs)
             Began as a Gnoll Wanderer on Feb 2, 2024.
             Shot with a sling bullet by Joseph (9 damage)
             ... on level 8 of the Dungeon.
             The game lasted 00:24:45 (12103 turns).

ces the Protected (Gnoll Wanderer)                 Turns: 12103, Time: 00:24:46

Health: -4/68      AC: 11    Str: 14    XL:     10   Next: 41%
Magic:  19/19      EV: 12    Int: 16    God:
Gold:   466        SH:  6    Dex: 15    Spells: 17/21 levels left

rFire   . . .        a - +5 rapier "Dragon's Tongue" {spect, rElec rF- rN+ Int+4}
rCold   x . .        b - +0 buckler
rNeg    + . .        c - +0 ring mail "Numeen" {Int+2}
rPois   .            x - +2 hat
rElec   +            (no cloak)
rCorr   .            y - +0 pair of gloves
SInv    .            (no boots)
Will    +....        (no amulet)
Stlth   ++           q - ring of willpower
HPRegen 0.31/turn    B - ring of fire
MPRegen 0.16/turn

%: no passive effects
@: slowed, invisible, very slow
A: fangs 1, strong nose, distributed training, frail 1, inability to drink after
injury 1, MP-powered wands
a: no special abilities


You were on level 8 of the Dungeon.
You visited 2 branches of the dungeon, and saw 10 of its levels.

You collected 466 gold pieces.

Inventory:

Hand Weapons
 a - the +5 rapier "Dragon's Tongue" (weapon) {spect, rElec rF- rN+ Int+4}
   (You found it on level 2 of the Dungeon)

   Int+4:     It affects your intelligence (+4).
   rF-:       It makes you vulnerable to fire.
   rElec:     It insulates you from electricity.
   rN+:       It protects you from negative energy.
 E - a +0 club
Missiles
 C - 31 poisoned darts
 J - 2 datura-tipped darts
Armour
 b - a +0 buckler (worn)
 c - the +0 ring mail "Numeen" (worn) {Int+2}
   (You found it on level 9 of the Dungeon)

   Int+2:     It affects your intelligence (+2).
 x - a +2 hat (worn)
 y - a +0 pair of gloves (worn)
Jewellery
 i - a +6 ring of intelligence
 q - a ring of willpower (left hand)
 s - a ring of see invisible
 B - a ring of fire (right hand)
 F - a ring of flight
Scrolls
 e - 2 scrolls of identify
 j - a scroll of amnesia
 k - a scroll of silence {unknown}
 l - a scroll of revelation {unknown}
 n - a scroll of fog
 o - a scroll of blinking {unknown}
 p - a scroll of enchant armour {unknown}
 r - 2 scrolls of vulnerability
 w - a scroll of fear {unknown}
Potions
 d - a potion of enlightenment {unknown}
 f - 2 potions of brilliance
 h - a potion of magic
 v - a potion of cancellation
 z - 2 potions of berserk rage {unknown}
 H - 2 potions of ambrosia {unknown}
 K - a potion of might {unknown}


   Skills:
 + Level 6.1 Fighting
 + Level 5.4 Short Blades
 + Level 5.4 Long Blades
 + Level 5.4 Axes
 + Level 5.4 Maces & Flails
 + Level 5.4 Polearms
 + Level 5.4 Staves
 + Level 5.4 Ranged Weapons
 + Level 5.4 Throwing
 + Level 11.7 Armour
 + Level 5.4 Dodging
 + Level 5.4 Stealth
 + Level 6.1 Shields
 + Level 5.4 Unarmed Combat
 + Level 6.2 Spellcasting
 + Level 4.5 Conjurations
 + Level 4.5 Hexes
 + Level 4.5 Summonings
 + Level 4.5 Necromancy
 + Level 4.5 Translocations
 + Level 4.5 Fire Magic
 + Level 6.0 Ice Magic
 + Level 4.5 Air Magic
 + Level 4.5 Earth Magic
 + Level 4.5 Alchemy
 + Level 6.0 Invocations
 + Level 5.4 Evocations
 + Level 5.0 Shapeshifting


You had 17 spell levels left.
You knew the following spells:

 Your Spells              Type           Power      Damage    Failure   Level
a - Freeze                Ice            96%        1d10      2%          1
b - Frozen Ramparts       Ice            48%        1d8       8%          3

Your spell library contained the following spells:

 Spells                   Type           Power      Damage    Failure   Level
 Apportation              Tloc           38%        N/A       4%          1
 Necrotise                Necr           76%        1d7       4%          1
 Sting                    Conj/Alch      76%        1d7       4%          1
 Summon Small Mammal      Summ           76%        N/A       4%          1
 Cigotuvi's Dreadful Rot  Necr/Alch/Air  38%        N/A       7%          2
 Scorch                   Fire           58%        2d7       7%          2
 Sublimation of Blood     Necr           19%        N/A       7%          2
 Summon Ice Beast         Ice/Summ       21%        N/A       11%         3
 Call Canine Familiar     Summ           19%        N/A       14%         3
 Fugue of the Fallen      Necr           19%        N/A       14%         3
 Inner Flame              Hex/Fire       29%        N/A       14%         3
 Anguish                  Hex/Necr       9%         N/A       43%         4
 Flame Wave               Conj/Fire      29%        2d9       43%         4
 Summon Blazeheart Golem  Fire/Summ      29%        N/A       43%         4
 Irradiate                Conj/Alch      9%         3d14      78%         5
 Summon Mana Viper        Hex/Summ       19%        N/A       78%         5
 Summon Cactus Giant      Summ           9%         N/A       100%        6
 Monstrous Menagerie      Summ           9%         N/A       100%        7
 Borgnjor's Revivificati  Necr           9%         N/A       100%        8
 Ignition                 Fire           14%        3d6       100%        8


Dungeon Overview and Level Annotations

Branches:
Dungeon (9/15)             Temple (1/1) D:5
   Lair: D:8-11         Orc: D:9-12

Altars:
Ashenzari
Cheibriados
Elyvilon
Fedhas
Hepliaklqana
Makhleb
Nemelex Xobeh
Okawaru
Qazlal
Ru
Sif Muna
Trog
Vehumet
Wu Jian
Xom
Yredelemnul
The Shining One

Annotations:
D:8 2 transporters, Joseph


Innate Abilities, Weirdness & Mutations

You have very sharp teeth.
Your uncanny sense of smell can sniff out nearby items.
Your experience applies equally to all skills.
You are frail. (-10% HP)
You occasionally lose the ability to drink potions when taking damage.
You expend magic power (3 MP) to strengthen your wands.


Message History

A gnoll comes into view. It is wielding a +0 halberd.
Your +5 rapier "Dragon's Tongue" {spect, rElec rF- rN+ Int+4} disappears.
The wyvern bites you! The gnoll misses you. The wyvern completely misses you.
The wyvern attacks as it pursues you! The wyvern bites you!
The kobold brigand hits you with a +0 short sword.
* * * LOW HITPOINT WARNING * * *
The wyvern bites you!
* * * LOW HITPOINT WARNING * * *
The wyvern attacks as it pursues you!
The wyvern bites you but does no damage.
You are too injured to fight recklessly!
You fade into invisibility!
You block the wyvern's attack.
The kobold brigand throws a curare-tipped dart.
The curare-tipped dart hits you.
You are poisoned.
You have difficulty breathing.
* * * LOW HITPOINT WARNING * * *
You feel yourself slow down. The wyvern completely misses you.
* * * LOW HITPOINT WARNING * * *
You feel very sick.
The kobold brigand throws a curare-tipped dart.
The curare-tipped dart hits the wyvern.
The wyvern is poisoned.
The wyvern struggles to breathe.
The wyvern seems to slow down.
The kobold brigand throws a curare-tipped dart.
The curare-tipped dart hits the gnoll.
The gnoll is poisoned.
The gnoll struggles to breathe.
The gnoll dies!
You feel better. The wyvern barely misses you.
The kobold brigand throws a curare-tipped dart.
The curare-tipped dart hits the wyvern.
The wyvern looks as sick as possible!
The wyvern struggles to breathe.
The wyvern seems to be slow for longer.
The wyvern bites you.
* * * LOW HITPOINT WARNING * * *
There is a stone staircase leading up, spattered with blood here.
The wyvern dies!
You climb upwards.
Level annotation: 2 transporters, Joseph Joseph shoots a sling bullet.
The sling bullet hits you!
You die...

....# #.# ..P..
##.## ..P.
#...###
.P.....#...######
......####...##.#
P..... ###>...##
...... ###...###
..... #......##
.....
##.@$....### ....
#...........
#.......#...
#.........##
#.........#
#.........#
###@.....##
###...?# ###..#


You could see Joseph (unable to see you).

Vanquished Creatures
  Pikel (D:8)
  2 elephants (D:7)
  A wyvern (D:9)
  A yak (D:8)
  A steam dragon (D:9)
  2 black bears
  2 ice beasts
  An ogre (D:3)
  A centaur (D:8)
  2 phantoms
  3 kobold brigands
  2 bullfrogs
  3 gnoll sergeants
  6 scorpions
  8 wights
  4 howler monkeys
  2 bombardier beetles (D:5)
  A gnoll bouda (D:8)
  3 orc priests
  A hound (D:6)
  A sleepcap (D:6)
  Terence (D:2)
  6 iguanas
  3 orc wizards
  20 gnolls
  5 adders
  A shadow imp (D:6)
  2 white imps (D:6)
  4 ufetubi (D:6)
  A ribbon worm (D:2)
  5 dart slugs
  15 orcs
  6 ball pythons
  6 bats
  7 endoplasms
  4 giant cockroaches
  4 hobgoblins
  5 jackals
  16 kobolds
  5 quokkas
  3 frilled lizards
  2 goblins
  4 rats
173 creatures vanquished.

Vanquished Creatures (collateral kills)
  2 orcs (D:4)
2 creatures vanquished.

Vanquished Creatures (others)
  A wyvern (D:9)
  2 gnolls
3 creatures vanquished.

Grand Total: 178 creatures vanquished

Notes
Turn   | Place    | Note
-------+----------+-------------------------------------------
     0 | D:1      | Reached skill level 10 in Armour
     0 | D:1      | ces the Gnoll Wanderer began the quest for the Orb.
     0 | D:1      | ces set off with the following items: a +0 dagger, a +0
                  | buckler, a potion of haste, a +0 chain mail; and the
                  | following spell memorised: Freeze; and the following spells
                  | available to memorise: Frozen Ramparts.
     0 | D:1      | Reached XP level 1. HP: 17/17 MP: 4/4
    65 | D:1      | Reached XP level 2. HP: 23/23 MP: 5/5
   856 | D:1      | Reached XP level 3. HP: 26/26 MP: 7/7
   951 | D:2      | Identified the +5 rapier "Dragon's Tongue" {spect, rElec
                  | rF- rN+ Int+4}
  1053 | D:2      | Reached skill level 1 in Invocations
  1305 | D:2      | Noticed Terence
  1311 | D:2      | Killed Terence
  1312 | D:2      | Reached skill level 1 in Short Blades
  1312 | D:2      | Reached skill level 1 in Long Blades
  1312 | D:2      | Reached skill level 1 in Axes
  1312 | D:2      | Reached skill level 1 in Maces & Flails
  1312 | D:2      | Reached skill level 1 in Polearms
  1312 | D:2      | Reached skill level 1 in Staves
  1312 | D:2      | Reached skill level 1 in Ranged Weapons
  1312 | D:2      | Reached skill level 1 in Throwing
  1312 | D:2      | Reached skill level 1 in Dodging
  1312 | D:2      | Reached skill level 1 in Stealth
  1312 | D:2      | Reached skill level 1 in Unarmed Combat
  1312 | D:2      | Reached skill level 1 in Evocations
  1312 | D:2      | Reached skill level 1 in Shapeshifting
  1312 | D:2      | Reached XP level 4. HP: 21/34 MP: 8/8
  1560 | D:3      | Reached skill level 1 in Conjurations
  1560 | D:3      | Reached skill level 1 in Hexes
  1560 | D:3      | Reached skill level 1 in Summonings
  1560 | D:3      | Reached skill level 1 in Necromancy
  1560 | D:3      | Reached skill level 1 in Translocations
  1560 | D:3      | Reached skill level 1 in Fire Magic
  1560 | D:3      | Reached skill level 1 in Air Magic
  1560 | D:3      | Reached skill level 1 in Earth Magic
  1560 | D:3      | Reached skill level 1 in Alchemy
  1611 | D:3      | Learned a level 3 spell: Frozen Ramparts
  1628 | D:3      | Noticed a phantom
  1635 | D:3      | Killed a phantom
  1636 | D:3      | Reached XP level 5. HP: 40/41 MP: 9/9
  1680 | D:3      | HP: 2/41 [gnoll/+0 halberd (11)]
  2050 | D:3      | Noticed an ogre
  2124 | D:3      | Reached XP level 6. HP: 40/47 MP: 9/11
  2953 | D:4      | Reached XP level 7. HP: 40/52 MP: 12/12
  4047 | D:5      | Entered Level 5 of the Dungeon
  4062 | D:5      | Found a staircase to the Ecumenical Temple.
  4166 | Temple   | Entered the Ecumenical Temple
  4468 | D:5      | Reached XP level 8. HP: 42/60 MP: 14/14
  5007 | D:5      | Got Kikubaaqudgha's Guide on Gloom
  5928 | D:6      | Found a burning altar of Makhleb.
  5950 | D:6      | Reached skill level 11 in Armour
  6264 | D:6      | Identified the +8 plate armour of Zuechi {Str+7 Dex-5}
  6969 | D:6      | Reached skill level 5 in Ice Magic
  7249 | D:6      | Reached XP level 9. HP: 58/66 MP: 16/16
  7476 | D:6      | Found a shimmering altar of Xom.
  7618 | D:7      | Reached skill level 5 in Spellcasting
  7849 | D:7      | Reached skill level 5 in Fighting
  7849 | D:7      | Reached skill level 5 in Shields
  9188 | D:7      | Found a glowing golden altar of the Shining One.
  9380 | D:7      | Reached skill level 5 in Invocations
  9750 | D:8      | Noticed a boulder beetle
  9764 | D:8      | Noticed a deep elf pyromancer
  9766 | D:8      | Noticed an eight-headed hydra
  9767 | D:8      | Noticed a centaur warrior
  9809 | D:8      | Noticed an elephant
  9815 | D:8      | Noticed an elephant
 10026 | D:7      | Gained mutation: Your movements are slightly less
                  | encumbered by armour. (ER -2) [potion of mutation]
 10026 | D:7      | Gained mutation: You are vulnerable to cold. (rC-) [potion
                  | of mutation]
 10048 | D:7      | Killed an elephant
 10428 | D:8      | Found a transporter.
 10554 | D:7      | Killed an elephant
 10555 | D:7      | Reached skill level 5 in Short Blades
 10555 | D:7      | Reached skill level 5 in Long Blades
 10555 | D:7      | Reached skill level 5 in Axes
 10555 | D:7      | Reached skill level 5 in Maces & Flails
 10555 | D:7      | Reached skill level 5 in Polearms
 10555 | D:7      | Reached skill level 5 in Staves
 10555 | D:7      | Reached skill level 5 in Ranged Weapons
 10555 | D:7      | Reached skill level 5 in Throwing
 10555 | D:7      | Reached skill level 5 in Dodging
 10555 | D:7      | Reached skill level 5 in Stealth
 10555 | D:7      | Reached skill level 5 in Unarmed Combat
 10555 | D:7      | Reached skill level 5 in Evocations
 10555 | D:7      | Reached XP level 10. HP: 22/76 MP: 18/18
 11135 | D:8      | Found a transporter.
 11193 | D:8      | Noticed a fire crab
 11231 | D:8      | a fire crab changed into a meliai
 11231 | D:8      | Noticed a meliai (shapeshifter)
 11266 | D:8      | a meliai changed into an entropy weaver
 11266 | D:8      | Noticed an entropy weaver (shapeshifter)
 11304 | D:8      | Noticed Pikel
 11433 | D:8      | Noticed a manticore
 11489 | D:8      | Killed Pikel
 11732 | D:8      | Noticed Joseph
 11748 | D:9      | Lost mutation: You are vulnerable to cold. (rC-) [potion of
                  | mutation]
 11748 | D:9      | Lost mutation: Your movements are slightly less encumbered
                  | by armour. (ER -2) [potion of mutation]
 11748 | D:9      | Gained mutation: You are frail. (-10% HP) [potion of
                  | mutation]
 11748 | D:9      | Gained mutation: You expend magic power (3 MP) to
                  | strengthen your wands. [potion of mutation]
 11748 | D:9      | Gained mutation: You occasionally lose the ability to drink
                  | potions when taking damage. [potion of mutation]
 11881 | D:9      | Identified the +0 ring mail "Numeen" {Int+2}
 11978 | D:9      | Reached skill level 5 in Shapeshifting
 12098 | D:9      | HP: 3/68 [asphyx]
 12099 | D:9      | HP: 1/68 [poisoned by a kobold brigand (curare-tipped
                  | dart)]
 12103 | D:8      | Shot with a sling bullet by Joseph

Illustrated notes

Levels and vault maps discovered:
D:1:      tarquinn_simple_flora_water_b, layout_basic, minmay_misc_feat_cross,
          minmay_misc_feat_more_columns, st_stairs_4
D:2:      layout_rooms, uniq_terence
D:3:      layout_loops_cross
D:4:      layout_loops_ring, nicolae_nh_ransacked_shop
D:5:      layout_basic, minmay_temple_entry_ruins, columned_hall_lemuel
D:6:      layout_loops_corners, mainiacjoe_overflow_paths, tgw_xom
D:7:      layout_basic, tso_oasis_becter
D:8:      gammafunk_the_bubble [the_bubble_gammafunk_crates], layout_cave_pods,
          gammafunk_temple_overflow_claw, grunt_lair_entry_orc_guard_hut,
          uniq_joseph, uniq_pikel
D:9:      layout_basic, st_stairs_9, uniq_harold
Temple:   zaba_magenta_temple

Skill      XL: |  1  2  3  4  5  6  7  8  9 10 |
---------------+-------------------------------+-----
Armour         | 11 | 11.7
Invocations    | 1 2 3 4 5 6 |  6.0
Short Blades   | 1 2 3 5 |  5.4
Long Blades    | 1 2 3 5 |  5.4
Axes           | 1 2 3 5 |  5.4
Maces & Flails | 1 2 3 5 |  5.4
Polearms       | 1 2 3 5 |  5.4
Staves         | 1 2 3 5 |  5.4
Ranged Weapons | 1 2 3 5 |  5.4
Throwing       | 1 2 3 5 |  5.4
Dodging        | 1 2 3 5 |  5.4
Stealth        | 1 2 3 5 |  5.4
Unarmed Combat | 1 2 3 5 |  5.4
Spellcasting   | 3 4 5 6 |  6.2
Evocations     | 1 2 3 5 |  5.4
Shapeshifting  | 1 2 3 4 5 |  5.0
Conjurations   | 1 2 3 4 |  4.5
Hexes          | 1 2 3 4 |  4.5
Summonings     | 1 2 3 4 |  4.5
Necromancy     | 1 2 3 4 |  4.5
Translocations | 1 2 3 4 |  4.5
Fire Magic     | 1 2 3 4 |  4.5
Air Magic      | 1 2 3 4 |  4.5
Earth Magic    | 1 2 3 4 |  4.5
Alchemy        | 1 2 3 4 |  4.5
Fighting       | 3 4 5 6 |  6.1
Shields        | 3 4 5 6 |  6.1
Ice Magic      | 4 5 6 |  6.0

Action                     |  1- 3 |  4- 6 |  7- 9 | 10-12 || total
---------------------------+-------+-------+-------+-------++-------
  Melee: Dagger            |   107 |       |       |       ||   107
         Bite              |    15 |     5 |    56 |     6 ||    82
         Rapier            |    21 |    70 |   398 |    58 ||   547
  Throw: Dart              |       |     2 |    28 |       ||    30
   Cast: Frozen Ramparts   |       |       |       |     2 ||     2
  Evoke: Wand              |       |       |     7 |       ||     7
    Use: Scroll            |       |     2 |     4 |     4 ||    10
         Potion            |       |     1 |     4 |     6 ||    11
   Stab: Distracted        |     1 |     2 |     2 |     1 ||     6
 Armour: Chain mail        |   106 |    42 |   382 |    26 ||   556
         Ring mail         |       |       |       |    20 ||    20
  Dodge: Dodged            |    32 |    27 |   180 |    32 ||   271
  Block: Buckler           |    33 |    10 |   116 |    12 ||   171
